 Dungeon Crawl Stone Soup version 0.19-a0-1168-g98094fc (webtiles) character file.

2 Duffy the Sneak (level 1, -3/11 HPs)
             Began as a Vine Stalker Assassin on Aug 15, 2016.
             Slain by a giant gecko (5 damage)
             ... on level 1 of the Dungeon.
             The game lasted 00:00:06 (20 turns).

Duffy the Sneak (Vine Stalker Assassin)               Turns: 20, Time: 00:00:06

Health: -3/11      AC:  3    Str: 13    XL:     1   Next: 30%
Magic:  0/2        EV: 11    Int: 11    God:
Gold:   0          SH:  0    Dex: 15    Spells: 0 memorised, 0 levels left

rFire  . . .     SeeInvis .     a - +2 dagger
rCold  . . .     Gourm    .     c - +0 robe
rNeg   . . .     Faith    .     (no shield)
rPois  .         Spirit   +     (no helmet)
rElec  .         Dismiss  .     d - +0 cloak
rCorr  .         Reflect  .     (no gloves)
MR     .....     Harm     .     (no boots)
Stlth  +++.......               (no amulet)
                                (no ring)
                                (no ring)

@: no status effects
A: fangs 2, regeneration 1, magic shield, antimagic bite, no device heal 3, rot
immunity
a: no special abilities


You were on level 1 of the Dungeon.
You were not hungry.

You visited 1 branch of the dungeon, and saw 1 of its levels.


Innate Abilities, Weirdness & Mutations

You have extremely sharp teeth.
Your natural rate of healing is unusually fast.
When hurt, damage is shared between your health and your magic reserves.
Your bite disrupts and absorbs the magic of your enemies.
Potions and wands cannot restore your health.
You are immune to rotting.


   Skills:
 + Level 1.9 Fighting
 + Level 1.8 Short Blades
 - Level 1.7 Throwing
 - Level 0.7 Dodging
 - Level 4.8 Stealth


You couldn't memorise any spells.
You didn't know any spells.

Inventory:

Hand Weapons
 a - a +2 dagger (weapon)
 b - a +0 blowgun
Missiles
 e - 8 poisoned needles
 f - 2 curare-tipped needles
Armour
 c - a +0 robe (worn)
 d - a +0 cloak (worn)
Comestibles
 g - a bread ration

Dungeon Overview and Level Annotations

Branches:
Dungeon (1/15)

Altars:


Message History

The kobold misses you.
You barely miss the kobold. Your bite misses the kobold.
The kobold is moderately wounded.
The giant gecko bites you but does no damage.
The kobold barely misses you.
You barely miss the kobold. You bite the kobold. You drain its power.
You feel invigorated.
The kobold is severely wounded.
The giant gecko bites you. The kobold hits you with a club.
You barely miss the kobold. Your bite misses the kobold.
The kobold is severely wounded.
The ball python bites you but does no damage.
The ball python grabs you. The ball python constricts you.
The giant gecko bites you.
You are too injured to fight recklessly!
You are too injured to fight recklessly!
You are too injured to fight recklessly!
You are too injured to fight recklessly!
You are too injured to fight recklessly!
You are too injured to fight recklessly!
You are too injured to fight recklessly!
You are too injured to fight recklessly!
You are too injured to fight recklessly!
You are too injured to fight recklessly!
You are too injured to fight recklessly!
You are too injured to fight recklessly!
You are too injured to fight recklessly!
You are too injured to fight recklessly!
You are too injured to fight recklessly!
You are too injured to fight recklessly!
You are too injured to fight recklessly!
You are too injured to fight recklessly!
Your attempt to break free from the ball python fails, but you feel that another attempt might succeed.
The ball python barely misses you. The ball python constricts you.
The giant gecko closely misses you. The kobold hits you with a club.
The ball python bites you but does no damage.
The ball python constricts you.
You escape the ball python's grasp.
The giant gecko completely misses you. The giant gecko bites you.
There is a fountain of clear blue water here.
You hit the kobold.
You kill the kobold!
The ball python closely misses you. The ball python misses you.
You hit the ball python.
You kill the ball python!
You hit the giant gecko.
You bite the giant gecko, but do no damage.
The giant gecko is almost dead.
The giant gecko bites you.
You die...

# ...... # #.
#....#.# #$.
#....#.# #
#.###....#.# #.#
.##..........#....
..................
...[..............
.##777l777##.....
7@7 ...
..77777.77777.. .
.....}.<.}.....
..77777.77777..
7}7 7.7 ... #.#
#.#


You could see a giant gecko.

Action                   || total
-------------------------++-------
Melee: Dagger            ||    10
       Bite              ||     5
Armor: Robe              ||     5
Dodge: Dodged            ||     8

Notes
Turn   | Place    | Note
-------+----------+-------------------------------------------
     0 | D:1      | Duffy the Vine Stalker Assassin began the quest for the Orb.
     0 | D:1      | Reached XP level 1. HP: 11/11 MP: 2/2
    20 | D:1      | Slain by a giant gecko

Vault maps used:
D:1:      scummos_arrival_forest

Vanquished Creatures
  A kobold
  A ball python
2 creatures vanquished.
